 Dungeon Crawl Stone Soup version 0.19-a0-1920-g83281cb (console) character file.

16067 sorlin the Carver (level 12, -2/84 HPs)
             Began as a High Elf Monk on Oct 23, 2016.
             Was the Champion of Dithmenos.
             Slain by a polar bear (12 damage)
             ... in an ice cave.
             The game lasted 01:38:51 (22123 turns).

sorlin the Carver (High Elf Monk)                  Turns: 22123, Time: 01:38:52

Health: -2/84      AC: 12    Str: 14    XL:     12   Next: 6%
Magic:  13/13      EV: 22    Int: 14    God:    Dithmenos [******]
Gold:   454        SH:  0    Dex: 20    Spells: 0 memorised, 11 levels left

rFire  . . .     SeeInvis +     a - +3 falchion
rCold  . . .     Gourm    .     F - +2 leather armour of Dishonesty {*Slow Regen+ SInv Stlth+}
rNeg   + . .     Faith    .     (no shield)
rPois  .         Spirit   .     (no helmet)
rElec  .         Reflect  .     G - +0 cloak
rCorr  .         Harm     .     D - +2 pair of gloves of the Undertaker {rN+ Stlth+}
MR     +....                    (no boots)
Stlth  +++++++++.               h - amulet of magic regeneration
                                P - +3 ring of protection
                                l - ring of stealth

@: wreathed by umbra
A: no striking features
a: Shadow Step, Shadow Form, Renounce Religion


You were in an ice cave.
You worshipped Dithmenos.
Dithmenos was exalted by your worship.
You were not hungry.

You visited 3 branches of the dungeon, and saw 15 of its levels.
You also visited: Ossuary and Ice Cave.

You collected 908 gold pieces.
You spent 454 gold pieces at shops.


   Skills:
 + Level 8.4 Fighting
 - Level 14.0 Long Blades
 + Level 9.2 Bows
 + Level 1.4 Armour
 - Level 13.0 Dodging
 - Level 2.1 Stealth


You had 11 spell levels left.
You didn't know any spells.

Inventory:

Hand Weapons
 a - a +3 falchion (weapon)
 b - a +0 shortbow
 O - a +0 antimagic rapier
   (You found it on level 1 of the Lair of Beasts)
Missiles
 e - 310 stones (quivered)
 o - 179 arrows
 B - 3 tomahawks
 J - 2 throwing nets
 K - 6 curare-tipped needles
Armour
 k - a +0 buckler
 p - a +2 chain mail of poison resistance
   (You took it off Terence on level 3 of the Dungeon)
 D - the +2 pair of gloves of the Undertaker (worn) {rN+ Stlth+}
   (You found it on level 4 of the Dungeon)

   It protects you from negative energy.
   It makes you more stealthy.
 F - the +2 leather armour of Dishonesty (worn) {*Slow Regen+ SInv Stlth+}
   (You found it on level 7 of the Dungeon)

   It lets you see invisible.
   It increases your rate of regeneration.
   It may slow you when you take damage.
   It makes you more stealthy.
 G - a +0 cloak (worn)
 H - a +2 leather armour of fire resistance
   (You took it off Duvessa on level 5 of the Dungeon)
 T - a +2 buckler of protection
   (You found it in an ice cave)
Jewellery
 g - an uncursed ring of wizardry
 h - an amulet of magic regeneration (around neck)
 l - a ring of stealth (left hand)
 z - an uncursed ring of resist corrosion
 N - an uncursed ring of protection from magic
 P - a +3 ring of protection (right hand)
Wands
 s - a wand of lightning (9/15)
 v - a wand of disintegration (24/24)
 L - a wand of iceblast (7/15)
 Q - a wand of acid (1/15)
Scrolls
 m - 5 scrolls of magic mapping {!r}
 n - 4 scrolls of enchant armour
 t - 5 scrolls of remove curse
 u - 4 scrolls of enchant weapon
 x - a scroll of holy word {!r}
 y - 3 scrolls of recharging
 C - 4 scrolls of teleportation {!r}
 E - 2 scrolls of fear {unknown}
 R - a scroll of fog {unknown}
Potions
 d - a potion of magic {!q}
 i - a potion of ambrosia
 j - a potion of haste {!q}
 q - 4 potions of curing
 w - a potion of brilliance {!q}
 A - 2 potions of flight
 I - a potion of resistance {!q}
 M - a potion of lignification {!q}
Comestibles
 c - 9 bread rations {!e}
 f - 31 fruits
 r - a meat ration {!e}


Message History

You hit the polar bear.
The polar bear is heavily wounded.
The polar bear bites you! The polar bear completely misses you.
The polar bear misses you.
You take 7 damage.
You hit the polar bear but do no damage.
The polar bear is heavily wounded.
You hit the polar bear.
The polar bear is heavily wounded.
The polar bear closely misses you. The polar bear misses you.
The polar bear claws you but does no damage.
You hit the polar bear but do no damage.
The polar bear is heavily wounded.
The polar bear closely misses you. The polar bear claws you. x2
You take 7 damage.
You closely miss the polar bear.
The polar bear is heavily wounded.
You hit the polar bear but do no damage.
The polar bear is heavily wounded.
The polar bear bites you!
* * * LOW HITPOINT WARNING * * *
The polar bear misses you. The polar bear closely misses you.
You take 15 damage.
You are too injured to fight recklessly!
You are too injured to fight recklessly!
You are too injured to fight recklessly!
You hit the polar bear.
The polar bear is severely wounded.
You hit the polar bear.
The polar bear is severely wounded.
The polar bear goes berserk!
You hit the polar bear.
The polar bear is severely wounded.
The polar bear bites you!
* * * LOW HITPOINT WARNING * * *
The polar bear completely misses you. The polar bear barely misses you.
You take 12 damage.
You slash the polar bear!
The polar bear is almost dead.
The polar bear bites you!!
* * * LOW HITPOINT WARNING * * *
The polar bear closely misses you. x2
You take 21 damage.
Okay, then.
Unknown command.
As you read the scroll labeled RYPIMA DEUKKE, it crumbles to dust.
It is a scroll of recharging.
Charge which item? (? for menu, Esc to quit)
Your wand of disintegration glows for a moment.
The polar bear bites you!
You die...

##....##
##..###†#
#..##..##
##.###..##
###.## ##..#
##...# ##.#
##...## #.##
##..#.# ####.#
#...### ##§##.#
#.#.######§§#..#
#.##@##.§§§§.#.#
..#h##..§§§##.##
##.#(##.##§##.##
#.#.#.########
.#.(#..###.##
###..#....#
##......##
#...###..##
##.## ##..##
#######...#
#∩#.###..##


You could see a polar bear (berserk).

Vanquished Creatures
  A fire dragon (D:10)
  Urug (D:10)
  A black mamba (Lair:2)
  A gargoyle (D:10)
  A spiny frog (Lair:3)
  A komodo dragon (Lair:2)
  A polar bear (IceCv)
  A troll (D:9)
  4 blink frogs (Lair:2)
  19 yaks
  2 hungry ghosts
  6 vampire mosquitoes
  2 insubstantial wisps (Lair:1)
  Duvessa (D:5)
  4 water moccasins
  3 porcupines
  An ice beast (D:10)
  A hornet zombie (D:10)
  4 orc warriors
  5 phantoms
  3 ogres
  8 centaurs
  2 sky beasts
  An eye of draining (D:11)
  9 wolves
  8 crocodiles
  3 big kobolds
  8 bullfrogs
  A gnoll sergeant (D:8)
  Dowan (D:5)
  A wyvern zombie (D:9)
  2 water moccasin zombies (D:8)
  3 scorpions
  6 killer bees (D:10)
  5 wights (D:10)
  2 howler monkeys (D:11)
  7 electric eels (D:9)
  3 bullfrog zombies
  2 centaur zombies
  2 crimson imps
  3 quasits (D:8)
  Crazy Yiuf (D:5)
  8 hounds
  3 jellies
  A centaur skeleton (D:7)
  9 orc priests
  3 bullfrog skeletons
  2 iguanas
  Jessica (D:2)
  Ijyb (D:3)
  Terence (D:3)
  18 orc wizards
  5 worker ants
  4 hell rats (Lair:2)
  A hound zombie (D:6)
  2 hound skeletons
  9 mummies
  16 adders
  A river rat (D:11)
  3 shadow imps
  11 white imps (Lair:3)
  An ooze (D:1)
  An adder zombie (D:7)
  2 adder skeletons
  3 worms
  2 dart slugs (D:1)
  6 leopard geckos
  44 orcs
  9 bats
  8 giant cockroaches
  A gnoll zombie (Ossuary)
  5 goblins
  8 hobgoblins
  18 jackals
  15 kobolds
  3 quokkas
  3 ball pythons
  5 frilled lizards
  A hobgoblin zombie (Ossuary)
  A jackal skeleton (D:6)
  4 kobold zombies (Ossuary)
  2 leopard gecko skeletons
  A leopard gecko zombie (D:6)
  2 orc zombies (Ossuary)
  A quokka skeleton (D:4)
  8 rats
  A plant (D:11)
395 creatures vanquished.

Vanquished Creatures (others)
  An orc (D:6)
  A quokka (D:6)
  12 fungi
  4 plants
18 creatures vanquished.

Grand Total: 413 creatures vanquished

Notes
Turn   | Place    | Note
-------+----------+-------------------------------------------
     0 | D:1      | sorlin the High Elf Monk began the quest for the Orb.
     0 | D:1      | Reached XP level 1. HP: 16/16 MP: 2/2
    46 | D:1      | Reached skill level 4 in Long Blades
   492 | D:1      | Reached XP level 2. HP: 20/21 MP: 3/3
   893 | D:1      | Reached skill level 5 in Long Blades
  1075 | D:1      | Reached XP level 3. HP: 24/26 MP: 4/4
  1874 | D:2      | Noticed Jessica
  2020 | D:2      | Reached XP level 4. HP: 16/31 MP: 5/5
  2250 | D:2      | Reached skill level 6 in Long Blades
  3536 | D:3      | Noticed Ijyb
  3637 | D:3      | Noticed Sigmund
  3796 | D:3      | Noticed Terence
  4034 | D:3      | Reached XP level 5. HP: 36/36 MP: 6/6
  4258 | D:3      | You fall through a shaft!
  4330 | D:4      | Got a pair of spiked gloves
  4336 | D:4      | Identified the +2 pair of gloves of the Undertaker {rN+ Stlth+} (You found it on level 4 of the Dungeon)
  4821 | D:4      | Found a staircase to the Ecumenical Temple.
  4833 | Temple   | Entered the Ecumenical Temple
  4865 | Temple   | Became a worshipper of Dithmenos the Shadowed
  4865 | Temple   | Reached * piety under Dithmenos
  4865 | Temple   | Reached ** piety under Dithmenos
  5299 | D:2      | Killed Jessica
  5299 | D:2      | Reached skill level 4 in Fighting
  5376 | D:3      | Killed Ijyb
  5468 | D:3      | Killed Terence
  5468 | D:3      | Reached skill level 7 in Long Blades
  5708 | D:5      | Entered Level 5 of the Dungeon
  5787 | D:5      | Noticed Eustachio
  5856 | D:5      | Noticed Duvessa
  5910 | D:5      | Found Xyklat's Food Boutique.
  5951 | D:5      | Reached XP level 6. HP: 44/44 MP: 7/7
  6067 | D:5      | Found Utyo's Magic Scroll Emporium.
  6083 | D:5      | Bought a scroll of noise for 14 gold pieces
  6083 | D:5      | Bought a scroll of teleportation for 42 gold pieces
  6083 | D:5      | Bought a scroll of identify for 28 gold pieces
  6083 | D:5      | Bought a scroll of identify for 28 gold pieces
  6083 | D:5      | Bought a scroll of identify for 28 gold pieces
  6173 | D:5      | Reached skill level 5 in Fighting
  6199 | D:5      | Found Xyheocuo's General Store.
  6281 | D:5      | Reached skill level 1 in Bows
  6288 | D:5      | Reached XP level 7. HP: 22/50 MP: 8/8
  6289 | D:5      | HP: 13/50 [centaur (3)]
  6295 | D:5      | Reached skill level 8 in Long Blades
  6295 | D:5      | Reached skill level 2 in Bows
  6625 | D:5      | Found a runed door.
  6726 | D:5      | Noticed Dowan
  6824 | D:6      | Reached skill level 4 in Dodging
  6947 | D:6      | Found a sand-covered staircase.
  6959 | Ossuary  | Entered an ossuary
  6998 | Ossuary  | Reached skill level 3 in Bows
  7251 | Ossuary  | Reached *** piety under Dithmenos
  8024 | D:6      | Reached skill level 4 in Bows
  8136 | D:6      | Reached skill level 5 in Dodging
  8231 | D:6      | Reached XP level 8. HP: 49/55 MP: 9/9
  8347 | D:6      | Reached skill level 5 in Bows
  8640 | D:6      | Reached skill level 9 in Long Blades
  8668 | D:6      | HP: 7/55 [orc priest/divine providence (13)]
  8971 | D:7      | Reached skill level 6 in Dodging
  9452 | D:7      | Reached **** piety under Dithmenos
  9531 | D:5      | HP: 14/55 [Duvessa/short sword of venom (12)]
  9537 | D:4      | HP: 11/55 [poisoned by Duvessa]
  9543 | D:4      | HP: 10/55 [poisoned by Duvessa]
  9551 | D:4      | HP: 10/55 [poisoned by Duvessa]
  9798 | D:5      | Bought a scroll of identify for 20 gold pieces
  9798 | D:5      | Bought a scroll of teleportation for 30 gold pieces
  9798 | D:5      | Bought a potion of agility for 40 gold pieces
  9817 | D:5      | Killed Duvessa
  9817 | D:5      | Reached skill level 10 in Long Blades
  9817 | D:5      | Reached skill level 7 in Dodging
  9818 | D:5      | HP: 16/55 [Dowan/dagger of electrocution (18)]
  9823 | D:5      | Killed Dowan
 10263 | D:5      | Bought a scroll of identify for 28 gold pieces
 10263 | D:5      | Bought a scroll of enchant weapon for 105 gold pieces
 10263 | D:5      | Bought a scroll of magic mapping for 49 gold pieces
 10263 | D:5      | Bought a scroll of remove curse for 42 gold pieces
 10310 | D:5      | Noticed Crazy Yiuf
 10313 | D:5      | Killed Crazy Yiuf
 10313 | D:5      | Reached XP level 9. HP: 61/61 MP: 10/10
 10857 | D:7      | Got a transparent leather armour
 10875 | D:7      | Identified the +2 leather armour of Dishonesty {*Slow Regen+ SInv Stlth+} (You found it on level 7 of the Dungeon)
 11507 | D:8      | Reached skill level 6 in Fighting
 11784 | D:8      | Reached skill level 8 in Dodging
 11806 | D:8      | Reached skill level 11 in Long Blades
 12747 | D:8      | Reached skill level 9 in Dodging
 13318 | D:9      | Noticed a troll
 13633 | D:9      | Reached skill level 12 in Long Blades
 13857 | D:9      | HP: 10/62 [electric eel/bolt of electricity (10)]
 13962 | D:9      | HP: 12/62 [electric eel/bolt of electricity (11)]
 14058 | D:9      | HP: 18/62 [electric eel/bolt of electricity (11)]
 14206 | D:9      | HP: 16/62 [electric eel/bolt of electricity (8)]
 14475 | D:9      | Reached XP level 10. HP: 68/68 MP: 11/11
 14533 | D:9      | HP: 18/68 [electric eel/bolt of electricity (10)]
 15259 | D:10     | Entered Level 10 of the Dungeon
 15345 | D:10     | Noticed a hill giant
 15557 | D:10     | Reached ***** piety under Dithmenos
 15707 | D:10     | Reached skill level 10 in Dodging
 15950 | D:10     | Noticed a gargoyle
 16205 | D:10     | Killed a gargoyle
 16209 | D:10     | Reached skill level 13 in Long Blades
 16376 | D:10     | Noticed Urug
 16416 | D:10     | Killed Urug
 16541 | D:10     | Reached skill level 11 in Dodging
 16663 | D:10     | Noticed a hill giant
 16663 | D:10     | Noticed a tengu warrior
 16822 | D:10     | HP: 17/68 [yak (13)]
 17238 | D:10     | Noticed a gargoyle
 17578 | D:11     | Reached XP level 11. HP: 72/72 MP: 12/12
 17731 | D:11     | Reached skill level 14 in Long Blades
 18076 | D:11     | Noticed Snorg
 18232 | D:10     | Noticed a fire dragon
 18316 | D:10     | HP: 14/72 [fire dragon (15)]
 18317 | D:10     | Killed a fire dragon
 18317 | D:10     | Reached skill level 6 in Bows
 18317 | D:10     | Reached skill level 12 in Dodging
 19072 | D:11     | Found a staircase to the Orcish Mines.
 19184 | D:11     | Found a staircase to the Lair.
 19192 | D:11     | Noticed a brown ugly thing
 19210 | Lair:1   | Entered Level 1 of the Lair of Beasts
 19366 | Lair:1   | Noticed pokedragonboy's ghost (journeyman OpFi)
 19638 | Lair:1   | Reached skill level 7 in Fighting
 19829 | Lair:1   | Reached skill level 7 in Bows
 20469 | Lair:2   | Reached ****** piety under Dithmenos
 20822 | Lair:2   | Found a staircase to the Swamp.
 20843 | Lair:2   | Reached skill level 8 in Bows
 21104 | Lair:2   | Reached skill level 8 in Fighting
 21143 | Lair:2   | Found a glowing golden altar of the Shining One.
 21711 | Lair:3   | Found a frozen archway.
 21728 | IceCv    | Entered an ice cave
 21790 | IceCv    | Reached skill level 13 in Dodging
 21969 | IceCv    | Reached skill level 9 in Bows
 21969 | IceCv    | Reached XP level 12. HP: 73/84 MP: 13/13
 21991 | IceCv    | Reached skill level 1 in Armour
 22122 | IceCv    | HP: 9/84 [polar bear (21)]
 22123 | IceCv    | Slain by a polar bear

Vault maps used:
D:1:      sevenhm_arrival_forest_fort_small_5
D:2:      minmay_splitting_lines, uniq_jessica
D:3:      feat_on_display, uniq_sigmund, uniq_terence, uniq_iyjb
D:4:      grunt_ministairs_6
D:5:      first_bread, serial_shops, shop, shop, nicolae_shop_stone,
          uniq_duvessa, uniq_eustachio, uniq_crazy_yiuf_cottage
D:6:      gup_ossuary_entry_pyramid
D:9:      blue_anna_alchemist, kennysheep_boxes
D:10:     dragon1_lemuel, lightli_corner_chamber, uniq_urug
D:11:     due_lair_maze_entry_diamond, orc_0_dummy, uniq_snorg
Temple:   grunt_wide_crystal_templ
Lair:1:   pond, serial_bayou_shore_a, grunt_megastairs_5,
          infiniplex_staircase_pool_2
Lair:2:   swamp_mist, special_room, basic_altar, grunt_megastairs_4,
          serial_bayou_shore_b
Lair:3:   nicolae_spider_entry_non_spiders, portal_ice_cave_entry_imps,
          serial_bayou_crossing
Ossuary:  ossuary_tomb_3
IceCv:    ice_cave_caverns_03

Action                   |  1- 3 |  4- 6 |  7- 9 | 10-12 || total
-------------------------+-------+-------+-------+-------++-------
Melee: Falchion          |   141 |   239 |   694 |  1080 ||  2154
 Fire: Shortbow          |       |       |   275 |   240 ||   515
Throw: Stone             |    60 |   150 |    98 |    91 ||   399
  Use: Scroll            |       |     7 |     7 |    10 ||    24
       Potion            |       |       |     6 |     8 ||    14
 Stab: Sleeping          |     4 |     3 |     4 |     1 ||    12
       Distracted        |       |       |       |     1 ||     1
  Eat: Chunk             |     2 |    12 |    18 |    14 ||    46
       Beef jerky        |     1 |       |       |     1 ||     2
       Royal jelly       |       |     1 |     1 |       ||     2
       Meat ration       |       |       |     2 |     2 ||     4
       Pizza             |       |       |       |     1 ||     1
Armor: Robe              |    19 |     6 |       |       ||    25
       Leather armour    |       |    33 |   121 |    92 ||   246
Dodge: Dodged            |   129 |   142 |   543 |   718 ||  1532
       Rpst.: Falchion   |    49 |    50 |   126 |   191 ||   416
